 Dungeon Crawl Stone Soup version 0.31.0-9-g3a7656b989 (webtiles) character file.

Game seed: 12536970260814158016

2377 Kenran the Cleaver (level 9, -4/54 HPs)
             Began as a Gargoyle Fighter on Jan 28, 2024.
             Slain by a wight
             ... wielding a +3 halberd
              (14 damage)
             ... on level 7 of the Dungeon.
             The game lasted 00:10:55 (6005 turns).

Kenran the Cleaver (Gargoyle Fighter)               Turns: 6005, Time: 00:10:56

Health: -4/54      AC: 16    Str: 30    XL:     9   Next: 45%
Magic:  9/9        EV:  8    Int:  9    God:
Gold:   379        SH:  4    Dex:  9    Spells: 8/8 levels left

rFire   . . .        a - +0 war axe
rCold   . . .        c - +0 buckler
rNeg    + . .        z - +0 chain mail
rPois   ∞            (no helmet)
rElec   +            (no cloak)
rCorr   +            (no gloves)
SInv    .            (no boots)
Will    .....        s - amulet of faith {!P} Stlth
                     q - +6 ring of strength
HPRegen 0.29/turn    u - ring of resist corrosion
MPRegen 0.11/turn

%: faith
@: no status effects
A: sickness immunity, AC +6, negative energy resistance 1, electricity
resistance, torment resistance 1, petrification resistance
a: no special abilities


You were on level 7 of the Dungeon.
You visited 1 branch of the dungeon, and saw 7 of its levels.

You collected 379 gold pieces.

Inventory:

Hand Weapons
 a - a +0 war axe (weapon)
 b - a +3 flail of venom
Armour
 c - a +0 buckler (worn)
 z - a +0 chain mail (worn)
Jewellery
 q - a +6 ring of strength (left hand)
 s - an amulet of faith (around neck) {!P}
 u - a ring of resist corrosion (right hand)
 y - a ring of fire
Wands
 r - a wand of paralysis (3)
 w - a wand of roots (11)
 A - a wand of digging (5)
Scrolls
 d - 2 scrolls of noise {!r}
 f - 2 scrolls of revelation
 g - 2 scrolls of fog
 h - a scroll of fear
 i - 5 scrolls of teleportation
 l - 4 scrolls of enchant weapon
 m - a scroll of brand weapon
 p - a scroll of blinking
 v - a scroll of amnesia {unknown}
 B - a scroll of enchant armour
 C - a scroll of torment {unknown}
 D - a scroll of poison {unknown}
Potions
 e - a potion of enlightenment {unknown}
 j - a potion of heal wounds {unknown}
 k - a potion of curing {@q1}
 n - a potion of ambrosia {unknown}
 t - 4 potions of haste {unknown}
 x - a potion of degeneration {unknown}


   Skills:
 - Level 5.0 Fighting
 + Level 10.6 Axes
 - Level 5.0 Armour
 - Level 3.2 Shields


You had 8 spell levels left.
You didn't know any spells.
Your spell library contained the following spells:

 Spells                   Type           Power      Damage    Failure   Level
 Jinxbite                 Hex            0%         N/A       95%         2
 Lesser Beckoning         Tloc           0%         N/A       95%         2
 Gell's Gravitas          Tloc           0%         N/A       99%         3
 Teleport Other           Tloc           0%         N/A       99%         3
 Volatile Blastmotes      Fire/Tloc      0%         2d10      99%         3
 Fulminant Prism          Conj/Alch      0%         3d5       100%        4
 Iskenderun's Mystic Bla  Conj/Tloc      0%         2d3       100%        4
 Yara's Violent Unravell  Hex/Alch       0%         3d3       100%        5
 Enfeeble                 Hex            0%         N/A       100%        7


Dungeon Overview and Level Annotations

Branches:
Dungeon (7/15)             Temple (0/1) D:5

Altars:
Dithmenos
Hepliaklqana
Kikubaaqudgha
Makhleb
Nemelex Xobeh

Annotations:
D:5 3 runed translucent doors, Artemis2's ghost, novice DrCj


Innate Abilities, Weirdness & Mutations

You are immune to sickness and miasma.
Your stone body is resilient. (AC +6)
You are immune to poison.
You resist negative energy. (rN+)
You are resistant to electric shocks. (rElec)
You are resistant to unholy torment.
You are immune to petrification.


Message History

You slice the sky beast!!
The sky beast is almost dead.
You barely miss the killer bee. You block the killer bee's attack.
You block the sky beast's attack.
The killer bee stings you but does no damage.
You slice the sky beast!!
You kill the sky beast!
You closely miss the killer bee. The killer bee closely misses you.
The killer bee stings you but does no damage.
You miss the killer bee.
The killer bee is heavily wounded.
The killer bee stings you but does no damage. x2
You slash the killer bee!
You kill the killer bee!
You see here a killer bee corpse. 2 wights come into view.
A wight comes into view. It is wielding a +0 short sword.
You start resting.
A wight is nearby!
The wight hits you but does no damage. The wight hits you with a +3 halberd!
The wight barely misses you.
You hit the wight but do no damage. You slash the wight!
You feel a little less mighty now. The wight hits you but does no damage.
You block the wight's attack.
You hit the wight but do no damage. You hit the wight.
The wight hits you with a +3 halberd! The wight barely misses you.
You barely miss the wight. You slash the wight!
You destroy the wight!
The wight hits you with a +3 halberd!
* * * LOW HITPOINT WARNING * * *
You feel better. The wight barely misses you.
The wight hits you with a +3 halberd.
* * * LOW HITPOINT WARNING * * *
You barely miss the wight. You slash the wight!
The wight hits you but does no damage. You block the wight's attack.
You hit the wight.
The wight is heavily damaged.
You hit the wight but do no damage. The wight hits you but does no damage.
The wight hits you with a +3 halberd!
You die...

#................#
######.#########.# ######...##
#.# . ...........# #.# #.
#.#####...########.####### #.##
#.# ##.............#.≣.####..##
#.# ####.###..#.≣.#...#.≣.#...
.># ####.###≣.#...........#.≣.
#.######.......z@..##.....##.....
#.#...##.##.#..#z..............#.
...###.#.##....#....≣.###†≣....#.
..## ##.....#..#...............#.
..# #.......z....##.....##.....
#.# #..##.##.≣.#...........#.≣.
#.. .#...≣.#...#.≣.#..(#.≣.#...
#.#. .##### .........#.≣.#.......
...#.# #.....##.......##....


You could see 2 wights.

Vanquished Creatures
  Eustachio (D:5)
  A steam dragon (D:6)
  Menkaure (D:4)
  2 water moccasins (D:6)
  A sky beast (D:7)
  A centaur (D:3)
  2 phantoms
  2 bullfrogs
  2 scorpions (D:5)
  A wight (D:7)
  6 killer bees (D:7)
  A howler monkey (D:6)
  5 orc priests
  3 hounds
  5 jellies
  4 sleepcaps
  Terence (D:3)
  An iguana (D:4)
  2 orc wizards
  7 gnolls
  6 adders
  2 shadow imps (D:5)
  2 ufetubi (D:5)
  2 dart slugs
  2 ribbon worms (D:2)
  23 orcs
  6 bats
  7 endoplasms
  2 giant cockroaches
  5 goblins
  5 hobgoblins
  6 jackals
  4 kobolds
  4 quokkas
  3 ball pythons
  7 frilled lizards
  5 rats
140 creatures vanquished.

Vanquished Creatures (others)
  A shadow imp (D:6)
1 creature vanquished.

Grand Total: 141 creatures vanquished

Notes
Turn   | Place    | Note
-------+----------+-------------------------------------------
     0 | D:1      | Kenran the Gargoyle Fighter began the quest for the Orb.
     0 | D:1      | Reached XP level 1. HP: 14/14 MP: 1/1
    27 | D:1      | Reached skill level 2 in Axes
    30 | D:1      | Reached XP level 2. HP: 19/19 MP: 2/2
   649 | D:2      | Reached skill level 3 in Axes
   680 | D:2      | Reached XP level 3. HP: 23/23 MP: 3/3
   764 | D:2      | Found a faded altar of an unknown god.
   988 | D:2      | Reached XP level 4. HP: 27/28 MP: 4/4
  1147 | D:2      | Reached skill level 4 in Axes
  1691 | D:3      | Found a shadowy altar of Dithmenos.
  1709 | D:3      | Noticed Terence
  1955 | D:3      | Reached XP level 5. HP: 32/32 MP: 5/5
  2201 | D:3      | Found a hazy altar of Hepliaklqana.
  2208 | D:3      | Noticed a centaur
  2221 | D:3      | Killed a centaur
  2222 | D:3      | Reached skill level 5 in Axes
  2529 | D:4      | Reached XP level 6. HP: 22/37 MP: 6/6
  2735 | D:4      | Reached skill level 6 in Axes
  2974 | D:4      | Noticed Menkaure
  2990 | D:4      | Killed Menkaure
  2991 | D:4      | Reached XP level 7. HP: 5/41 MP: 7/7
  3244 | D:5      | Entered Level 5 of the Dungeon
  3244 | D:5      | Noticed Eustachio
  3327 | D:5      | Found a runed translucent gate.
  3327 | D:5      | Found a runed translucent gate.
  3327 | D:5      | Found a runed translucent gate.
  3327 | D:5      | Noticed Artemis2's ghost (novice DrCj)
  3362 | D:5      | Reached skill level 7 in Axes
  3634 | D:5      | Reached skill level 8 in Axes
  3655 | D:5      | Found a staircase to the Ecumenical Temple.
  3772 | D:5      | Killed Eustachio
  3773 | D:5      | Reached XP level 8. HP: 48/48 MP: 8/8
  3800 | D:5      | Found a sparkling altar of Nemelex Xobeh.
  4181 | D:6      | Found an ancient bone altar of Kikubaaqudgha.
  4603 | D:6      | Reached skill level 5 in Fighting
  4603 | D:6      | Reached skill level 5 in Armour
  4607 | D:6      | Reached skill level 9 in Axes
  4729 | D:6      | Reached XP level 9. HP: 28/54 MP: 9/9
  4919 | D:6      | Found a burning altar of Makhleb.
  5280 | D:3      | Found a shadowy altar of Dithmenos.
  5404 | D:3      | Found a hazy altar of Hepliaklqana.
  5434 | D:3      | Killed Terence
  5821 | D:7      | Reached skill level 10 in Axes
  6005 | D:7      | Slain by a wight

Illustrated notes

Levels and vault maps discovered:
D:1:      lightli_arrival_boilingwater, layout_rooms, serial_bayou_pond_b,
          kennysheep_boxes
D:2:      layout_basic, shapermc_ecumenical_altar_flowoftime,
          kennysheep_generic_room_14
D:3:      layout_basic, general_overflow_altar, nicolae_dithmenos_the_darkroom,
          serial_bayou_crossing, uniq_terence
D:4:      layout_cave_pools, uniq_menkaure
D:5:      layout_basic, nicolae_overflow_crystal_walls,
          minmay_temple_entry_butterflies, gammafunk_ghost_nasty_kobolds,
          uniq_eustachio
D:6:      layout_cave_pools, makhleb_blood_cavern_becter, lemuel_round_altar
D:7:      nicolae_cairo_tiling_large_dashed, layout_loops_ring,
          mainiacjoe_overflow_24_doors, grunt_temple_overflow_open

Skill      XL: |  1  2  3  4  5  6  7  8  9 |
---------------+----------------------------+-----
Axes           | 2 3 4 5 6 8 9 10 | 10.6
Fighting       | 5 |  5.0
Armour         | 5 |  5.0
Shields        | |  3.2

Action                     |  1- 3 |  4- 6 |  7- 9 || total
---------------------------+-------+-------+-------++-------
  Melee: War axe           |    98 |   136 |   249 ||   483
  Evoke: Wand              |       |       |     1 ||     1
    Use: Scroll            |       |     3 |     6 ||     9
         Potion            |       |     2 |     2 ||     4
   Stab: Paralysed         |       |       |     4 ||     4
 Armour: Scale mail        |    64 |   126 |    67 ||   257
         Chain mail        |       |       |   191 ||   191
  Dodge: Dodged            |    47 |    83 |   125 ||   255
  Block: Buckler           |    24 |    36 |    46 ||   106
